AoeStats
← bone app the teeth

MegaRandom

508789069Analyzed
2v2 RM · 9d ago on Sep 24, 2026· 53m 48s· 4 players
Game mode
Random Map
Map size
Medium (4 player)
Population
200
Speed
Normal
Resources
Standard
Victory
Conquest
Starting age
Dark Age
Ending age
Imperial Age
RankedLock teamsTeams togetherTeam positionsShared explorationLock speedFull tech treeHidden civsTurbo modeCheats
Victory
Defeat
🇺🇸 Armenians · United States
1031
+14
🇺🇸 Georgians · United States
1029
+14
🇺🇸 Magyars · United States
996
-15
🇺🇸 Varangians · United States
972
-13
Prince Tuttu
1:49 Loom
10:23 Feudal Age
10:52 Double-Bit Axe
10:58 Town Watch
11:50 Wheelbarrow
13:01 Bloodlines
13:16 Forging
13:12 Scale Barding Armor
17:43 Castle Age
18:03 Fletching
21:45 Light Cavalry
22:25 Husbandry
22:44 Bow Saw
26:08 Stone Mining
26:08 Gold Mining
28:03 Stone Shaft Mining
29:35 Ballistics
31:06 Vendel Legacy
31:53 Bodkin Arrow
32:33 Horse Collar
33:50 Iron Casting
40:54 Murder Holes
42:42 Chain Barding Armor
42:23 Heavy Plow
53:42 Imperial Age
byolaf
1:13 Loom
11:52 Feudal Age
12:49 Double-Bit Axe
17:00 Castle Age
17:32 Fletching
17:42 Padded Archer Armor
17:49 Thumb Ring
19:52 Bloodlines
19:43 Husbandry
21:58 Bodkin Arrow
23:31 Town Watch
24:22 Wheelbarrow
26:29 Horse Collar
27:02 Bow Saw
26:40 Pikeman
32:39 Imperial Age
30:29 Hand Cart
32:04 Ballistics
32:32 Town Patrol
33:27 Halberdier
38:03 Bracer
38:18 Leather Archer Armor
41:07 Elite Skirmisher
44:45 Ring Archer Armor
45:47 Scale Mail Armor
48:22 Heavy Plow
49:06 Chain Mail Armor
49:55 Capped Ram
bone app the teeth
0:36 Loom
11:12 Feudal Age
12:04 Double-Bit Axe
12:59 Wheelbarrow
12:18 Man-at-Arms
16:10 Castle Age
14:18 Horse Collar
14:13 Long Swordsman
15:37 Scale Mail Armor
15:34 Gold Mining
15:34 Stone Mining
16:28 Pikeman
17:41 Arson
19:05 Squires
19:46 Stone Mining
19:44 Two-Handed Swordsman
21:43 Bow Saw
24:07 Chain Mail Armor
26:36 Heavy Plow
26:35 Fletching
26:37 Halberdier
27:29 Forging
29:03 Bodkin Arrow
29:00 Town Watch
31:27 Padded Archer Armor
32:28 Leather Archer Armor
33:50 Iron Casting
32:48 Elite Skirmisher
36:19 Hand Cart
40:06 Imperial Age
37:49 Gambesons
41:08 Conscription
40:09 Elite Composite Bowman
41:02 Bracer
40:34 Capped Ram
42:00 Plate Mail Armor
42:14 Hoardings
42:13 Ballistics
42:36 Siege Ram
44:03 Ring Archer Armor
45:21 Blast Furnace
45:25 Chemistry
47:10 Fereters
51:14 Gold Shaft Mining
50:11 Champion
Aluerad
2:39 Loom
14:17 Feudal Age
15:54 Wheelbarrow
15:01 Horse Collar
15:10 Double-Bit Axe
15:27 Gold Mining
16:46 Stone Mining
18:58 Bloodlines
21:43 Castle Age
23:12 Heavy Plow
23:25 Bow Saw
23:56 Husbandry
24:08 Scale Barding Armor
24:14 Forging
25:15 Chain Barding Armor
26:18 Iron Casting
26:37 Hand Cart
33:32 Iron Casting
38:39 Town Watch
39:02 Fletching
40:05 Bodkin Arrow
43:32 Imperial Age
42:06 Padded Archer Armor
42:43 Town Patrol
43:48 Capped Ram
46:24 Elite Monaspa
47:25 Conscription
47:44 Plate Barding Armor
48:10 Blast Furnace
49:01 Crop Rotation
50:22 Heavy Scorpion
Connection lost

Rejoining the realm…

Still unreachable

The connection could not be restored.

Session expired

The server has moved on; the page needs a fresh start.